General information
- name: BNet
- type: Ladder team game (AT/RT)
- host: Battle.net
- saver: ihavdowns
map: Cherryville
- players: 8
- length: 11:08
- speed: Fast
- version: 1.27 W3XP
- replay type: Public
» download(42 KB)
Players
team 1 (loser)
ihavdowns (
red | 1 APM | 16 actions | 11:08)
» actions
| Basic commands | 2 | |
| Build / train | 8 | |
| Right click | 1 | |
| Select / deselect | 5 | |
16 total
» units

»
somebodystopit (
green | 47 APM | 17 actions | 00:21)
» actions
| Assign group hotkey | 2 | |
| Build / train | 2 | |
| Right click | 3 | |
| Select / deselect | 6 | |
| Select group hotkey | 2 | |
| Use ability | 2 | |
17 total
» units

»
JPrince (
purple | 34 APM | 291 actions | 08:34)
2 Tauren Chieftain
1 Shockwave
1 Endurance Aura
» actions
| Build / train | 28 | |
| Enter build submenu | 16 | |
| Enter hero's abilities submenu | 2 | |
| Remove unit from queue | 9 | |
| Right click | 96 | |
| Select / deselect | 113 | |
| Use ability | 27 | |
291 total
» units
| Peon | 7 | |
| Grunt | 5 | |
| Troll Headhunter/Berserker | 1 | |
13 total
» buildings
| Orc Burrow | 3 | |
| Barracks | 1 | |
| Altar of Storms | 1 | |
| War Mill | 2 | |
| Voodoo Lounge | 1 | |
| Watch Tower | 5 | |
| Stronghold | 1 | |
14 total
» build order
00:21 Orc Burrow
00:38 Barracks
00:51 Altar of Storms
01:49 War Mill
01:53 War Mill
01:58 Voodoo Lounge
03:01 Orc Burrow
03:07 Watch Tower
03:09 Watch Tower
04:00 Stronghold
04:08 Orc Burrow
05:15 Watch Tower
05:39 Watch Tower
06:43 Watch Tower
» items
RedTEAM (
pink | 25 APM | 251 actions | 10:13)
2 Paladin
1 Holy Light
1 Devotion Aura
1 Lich
1 Frost Nova
» actions
| Build / train | 46 | |
| Enter build submenu | 17 | |
| Enter hero's abilities submenu | 3 | |
| Right click | 51 | |
| Select / deselect | 104 | |
| Use ability | 30 | |
251 total
» units
» upgrades
» buildings
| Altar of Kings | 1 | |
| Farm | 3 | |
| Town Hall | 1 | |
| Barracks | 1 | |
| Altar of Darkness | 1 | |
| Ziggurat | 2 | |
| Lumber Mill | 1 | |
| Scout Tower | 4 | |
| Guard Tower | 5 | |
| Nerubian Tower | 1 | |
20 total
» build order
01:02 Altar of Kings
01:07 Farm
01:53 Town Hall
02:19 Barracks
02:30 Farm
02:54 Altar of Darkness
03:01 Ziggurat
03:41 Lumber Mill
04:21 Ziggurat
07:36 Farm
07:45 Scout Tower
08:15 Guard Tower
08:20 Scout Tower
08:25 Scout Tower
08:49 Guard Tower
08:54 Scout Tower
08:56 Guard Tower
08:56 Guard Tower
09:17 Nerubian Tower
09:24 Guard Tower
team 2 (winner)
R3G3N3R4TI0N_20 (
orange | 30 APM | 331 actions | 11:08)
2 Demon Hunter
1 Mana Burn
1 Immolation
» actions
| Assign group hotkey | 2 | |
| Build / train | 32 | |
| Enter build submenu | 15 | |
| Enter hero's abilities submenu | 2 | |
| Remove unit from queue | 2 | |
| Right click | 116 | |
| Select / deselect | 143 | |
| Use ability | 19 | |
331 total
» units
| Wisp | 11 | |
| Archer | 3 | |
| Huntress | 6 | |
| Hippogryph | 2 | |
| Chimaera | 2 | |
24 total
» upgrades
» buildings
| Altar of Elders | 1 | |
| Moon Well | 7 | |
| Ancient of War | 1 | |
| Hunter's Hall | 1 | |
| Tree of Ages | 1 | |
| Ancient Protector | 1 | |
| Tree of Eternity | 1 | |
| Ancient of Wind | 1 | |
| Chimaera Roost | 3 | |
17 total
» build order
00:24 Altar of Elders
00:39 Moon Well
00:53 Ancient of War
01:45 Moon Well
01:49 Moon Well
02:22 Hunter's Hall
02:49 Moon Well
03:46 Tree of Ages
04:07 Tree of Ages
04:25 Ancient Protector
06:31 Tree of Eternity
06:35 Ancient of Wind
06:40 Moon Well
08:15 Moon Well
08:55 Chimaera Roost
08:58 Chimaera Roost
09:07 Chimaera Roost
10:41 Moon Well

»
1)arknight (
blue | 40 APM | 449 actions | 11:08)
3 Priestess of the Moon
2 Trueshot Aura
1 Searing Arrows
» actions
| Assign group hotkey | 14 | |
| Basic commands | 18 | |
| Build / train | 33 | |
| Enter build submenu | 17 | |
| Enter hero's abilities submenu | 3 | |
| Right click | 167 | |
| Select / deselect | 148 | |
| Select group hotkey | 29 | |
| Use ability | 20 | |
449 total
» units
» upgrades
| Improved Bows | 1 | |
| Ultravision | 1 | |
| Strength of the Wild | 1 | |
3 total
» buildings
| Altar of Elders | 1 | |
| Moon Well | 5 | |
| Ancient of War | 2 | |
| Tree of Ages | 1 | |
| Hunter's Hall | 1 | |
| Ancient of Wonders | 1 | |
| Tree of Eternity | 1 | |
| Ancient of Wind | 1 | |
| Tree of Life | 1 | |
14 total
» build order
00:06 Altar of Elders
00:09 Moon Well
01:24 Ancient of War
01:59 Moon Well
02:16 Ancient of War
02:25 Moon Well
03:37 Moon Well
05:08 Tree of Ages
06:12 Hunter's Hall
06:22 Ancient of Wonders
08:54 Tree of Eternity
08:59 Ancient of Wind
09:59 Moon Well
11:00 Tree of Life
mtl514 (
yellow | 27 APM | 305 actions | 11:08)
3 Far Seer
2 Feral Spirit
1 Chain Lighting
» actions
| Assign group hotkey | 5 | |
| Build / train | 31 | |
| Enter build submenu | 11 | |
| Enter hero's abilities submenu | 3 | |
| Remove unit from queue | 1 | |
| Right click | 137 | |
| Select / deselect | 98 | |
| Select group hotkey | 2 | |
| Use ability | 17 | |
305 total
» units
| Peon | 7 | |
| Grunt | 9 | |
| Shaman | 2 | |
| Raider | 1 | |
19 total
» upgrades
| Berserker Strength | 1 | |
| Shaman Training | 2 | |
| Melee Weapons | 1 | |
| Armor | 1 | |
5 total
» buildings
| Altar of Storms | 1 | |
| Orc Burrow | 4 | |
| Barracks | 1 | |
| Stronghold | 1 | |
| Voodoo Lounge | 1 | |
| War Mill | 1 | |
| Spirit Lodge | 1 | |
| Fortress | 1 | |
| Beastiary | 1 | |
| Watch Tower | 1 | |
13 total
» build order
00:06 Altar of Storms
00:16 Orc Burrow
00:52 Barracks
01:45 Orc Burrow
02:46 Stronghold
03:20 Voodoo Lounge
04:03 Orc Burrow
06:47 War Mill
06:52 Spirit Lodge
06:54 Fortress
07:44 Beastiary
07:52 Orc Burrow
08:53 Watch Tower
RealGz (
teal | 19 APM | 209 actions | 11:08)
3 Mountain King
2 Storm Bolt
1 Bash
» actions
| Basic commands | 14 | |
| Build / train | 33 | |
| Enter build submenu | 13 | |
| Enter hero's abilities submenu | 3 | |
| Right click | 51 | |
| Select / deselect | 69 | |
| Use ability | 26 | |
209 total
» units
» upgrades
| Defend | 1 | |
| Plating | 1 | |
| Swords | 1 | |
| Armor | 1 | |
| Gunpowder | 1 | |
| Masonry | 1 | |
6 total
» buildings
| Altar of Kings | 1 | |
| Farm | 8 | |
| Barracks | 1 | |
| Arcane Vault | 1 | |
| Scout Tower | 3 | |
| Arcane Tower | 2 | |
| Lumber Mill | 1 | |
| Blacksmith | 1 | |
| Guard Tower | 1 | |
| Keep | 1 | |
20 total
» build order
01:10 Altar of Kings
01:15 Farm
01:25 Barracks
01:31 Farm
01:33 Farm
01:38 Arcane Vault
01:42 Farm
01:46 Scout Tower
01:48 Scout Tower
01:51 Scout Tower
03:10 Arcane Tower
03:17 Farm
03:38 Arcane Tower
03:49 Lumber Mill
04:20 Blacksmith
04:28 Farm
04:29 Farm
04:55 Guard Tower
08:28 Keep
08:31 Farm
Chat log
(01:10 / Allies) JPrince: looks like its down to two pink
(01:28 / Allies) JPrince: Do you want to call it game?
(02:31 / Allies) JPrince: reds back!
(02:50 / Allies) JPrince: we're not to far in yet red
(05:43 / Allies) JPrince: tp all
(07:39 / Allies) JPrince: I still have a peon
(07:55 / Allies) JPrince: need gold and wood for new hall
(08:06 / Allies) JPrince: ty
(08:30 / Allies) JPrince: gave resources to pink